[ AOE2 MATCH · #477703403 ]
UnrankedBulgarians vs Vietnamese
[ REPLAY ANALYSIS · EXTRACTED FROM THE RECORDED GAME ]
Feudal
11:03
Castle
17:47
Imperial
—
| APM avg | 19.3 |
| APM peak | 45 |
| eAPM avg | 12.5 |
| Villagers / military | 48 / 0 |
Focus
⚔️ 13.7% · 🌾 86.3%
Feudal
10:57
Castle
14:33
Imperial
30:37
| APM avg | 30.2 |
| APM peak | 98 |
| eAPM avg | 19.9 |
| Villagers / military | 196 / 136 |
Focus
⚔️ 31.6% · 🌾 68.4%
Steppe Lancer ×130 · Trebuchet (Packed) ×4 · Battering Ram ×2
Feudal
11:32
Castle
20:26
Imperial
—
| APM avg | 33.8 |
| APM peak | 82 |
| eAPM avg | 16.4 |
| Villagers / military | 113 / 23 |
Focus
⚔️ 21.1% · 🌾 78.9%
Rattan Archer ×19 · Archer ×2 · Mangonel ×2
Feudal
9:17
Castle
19:27
Imperial
—
| APM avg | 38.4 |
| APM peak | 112 |
| eAPM avg | 19.3 |
| Villagers / military | 94 / 65 |
Focus
⚔️ 32.3% · 🌾 67.7%
Steppe Lancer ×47 · Knight ×14 · Camel Scout ×2 · Monk ×1 · Scout Cavalry ×1
Feudal
11:03
Castle
14:52
Imperial
32:39
| APM avg | 34.0 |
| APM peak | 70 |
| eAPM avg | 22.3 |
| Villagers / military | 154 / 114 |
Focus
⚔️ 43.2% · 🌾 56.8%
Knight ×105 · Trebuchet (Packed) ×6 · Monk ×3
Feudal
10:15
Castle
19:16
Imperial
—
| APM avg | 29.0 |
| APM peak | 59 |
| eAPM avg | 16.1 |
| Villagers / military | 91 / 75 |
Focus
⚔️ 32.9% · 🌾 67.1%
Archer ×62 · Battering Ram ×8 · Plumed Archer ×4 · Mangonel ×1
Feudal
9:08
Castle
28:51
Imperial
—
| APM avg | 53.5 |
| APM peak | 86 |
| eAPM avg | 30.4 |
| Villagers / military | 115 / 129 |
Focus
⚔️ 41.2% · 🌾 58.8%
Scout Cavalry ×46 · Spearman ×36 · Kipchak ×17 · Camel Scout ×12 · Battering Ram ×12 · Militia ×5
Feudal
9:18
Castle
22:39
Imperial
36:59
| APM avg | 49.2 |
| APM peak | 86 |
| eAPM avg | 21.7 |
| Villagers / military | 114 / 46 |
Focus
⚔️ 17.6% · 🌾 82.4%
Mangudai ×16 · Scout Cavalry ×16 · Steppe Lancer ×12 · Monk ×2
Match map
Initial resources + every placement click. Lines = walls · curves = elevation contours. ◆ gold · ⬟ stone · ● berries · ✦ relic · ◌ wall gap
Your base· Open — 4t gap
上帝之鞭's base· ✓ Closed at 14:33 · 21t walls · 2 gate(s)
taerue's base· Open — unwalled flank
微变等效电路法's base· Open — 11t gap
玉祥(群主菜鸡)'s base· Open — unwalled flank
丙酮酸嗦话梅's base· Open — unwalled flank
ไม่ชนะ's base· ✓ Closed at 28:51 · 8t walls · 3 gate(s)
saksham's base· ✓ Closed at 22:39 · 0t walls · 3 gate(s)
Smoothed initial terrain · ◌ = detected wall gap · hover for details
Inputs per minute
— 打到台北去 活捉赖清德 - - 上帝之鞭
Build order — 打到台北去 活捉赖清德
90 actions detected in the replay
| 0:05 | Build | House |
| 0:05 | Build | House |
| 0:06 | Create | Villager (Male) |
| 0:06 | Create | Villager (Male) |
| 0:07 | Build | House |
| 0:08 | Create | Villager (Male) |
| 0:08 | Create | Villager (Male) |
| 0:09 | Create | Villager (Male) |
| 1:37 | Create | Villager (Male) |
| 1:37 | Create | Villager (Male) |
| 2:09 | Create | Villager (Male) |
| 2:10 | Create | Villager (Male) |
| 2:27 | Create | Villager (Male) |
| 2:27 | Create | Villager (Male) |
| 2:32 | Build | Lumber Camp |
| 3:02 | Create | Villager (Male) |
| 3:26 | Create | Villager (Male) |
| 3:28 | Create | Villager (Male) |
| 3:29 | Create | Villager (Male) |
| 4:12 | Create | Villager (Male) |
| 4:12 | Create | Villager (Male) |
| 4:13 | Create | Villager (Male) |
| 4:13 | Create | Villager (Male) |
| 4:43 | Create | Villager (Male) |
| 4:44 | Create | Villager (Male) |
| 5:04 | Build | Mill |
| 5:52 | Build | Farm |
| 6:10 | Build | House |
| 6:23 | Create | Villager (Male) |
| 6:24 | Create | Villager (Male) |
| 6:38 | Build | House |
| 7:00 | Create | Villager (Male) |
| 7:24 | Build | Farm |
| 7:32 | Create | Villager (Male) |
| 7:49 | Create | Villager (Male) |
| 7:50 | Create | Villager (Male) |
| 8:10 | Build | Mining Camp |
| 8:39 | Research | Feudal Age |
| 9:00 | Build | Mining Camp |
| 9:32 | Build | Farm |
| 10:00 | Create | Villager (Male) |
| 10:00 | Create | Villager (Male) |
| 11:03 | Age | Feudal Age |
| 11:14 | Build | Market |
| 11:38 | Research | Loom |
| 12:17 | Build | Blacksmith |
| 13:17 | Build | Market |
| 13:30 | Build | House |
| 13:45 | Build | House |
| 13:46 | Build | House |
| 14:13 | Build | House |
| 14:16 | Build | House |
| 15:07 | Research | Castle Age |
| 15:07 | Research | Castle Age |
| 16:03 | Build | House |
| 16:04 | Build | House |
| 17:11 | Create | Villager (Male) |
| 17:11 | Create | Villager (Male) |
| 17:47 | Age | Castle Age |
| 17:51 | Build | Krepost |
| 18:18 | Create | Villager (Male) |
| 19:05 | Build | House |
| 19:19 | Build | Krepost |
| 19:28 | Build | Farm |
| 19:29 | Create | Villager (Male) |
| 19:45 | Build | House |
| 21:29 | Create | Villager (Male) |
| 21:29 | Create | Villager (Male) |
| 21:57 | Build | Farm |
| 23:58 | Build | Krepost |
| 25:54 | Create | Villager (Male) |
| 25:55 | Create | Villager (Male) |
| 27:33 | Build | Lumber Camp |
| 30:04 | Build | Town Center |
| 32:21 | Create | Villager (Male) |
| 32:21 | Create | Villager (Male) |
| 33:27 | Create | Villager (Male) |
| 33:28 | Create | Villager (Male) |
| 33:29 | Create | Villager (Male) |
| 34:02 | Create | Villager (Male) |
| 34:02 | Create | Villager (Male) |
| 34:20 | Build | Farm |
| 34:26 | Build | House |
| 34:27 | Build | House |
| 34:28 | Build | House |
| 35:20 | Build | Farm |
| 35:58 | Create | Villager (Male) |
| 35:58 | Create | Villager (Male) |
| 36:27 | Create | Villager (Male) |
| 36:27 | Create | Villager (Male) |
Build order — 上帝之鞭
First 150 of 313 actions detected
| 0:02 | Create | Villager (Male) |
| 0:02 | Create | Villager (Male) ×4 |
| 0:02 | Create | Villager (Male) ×3 |
| 0:04 | Build | House |
| 0:06 | Build | House |
| 1:23 | Create | Villager (Male) |
| 1:50 | Create | Villager (Male) |
| 1:50 | Create | Villager (Male) |
| 2:26 | Create | Villager (Male) |
| 2:26 | Create | Villager (Male) |
| 2:26 | Create | Villager (Male) |
| 2:34 | Build | House |
| 2:35 | Build | House |
| 2:37 | Build | Lumber Camp |
| 2:41 | Create | Villager (Male) |
| 2:42 | Create | Villager (Male) |
| 2:58 | Create | Villager (Male) ×2 |
| 2:58 | Create | Villager (Male) ×2 |
| 3:55 | Create | Villager (Male) ×4 |
| 3:55 | Create | Villager (Male) ×4 |
| 4:59 | Build | Mill |
| 5:16 | Create | Villager (Male) |
| 5:16 | Create | Villager (Male) |
| 5:16 | Create | Villager (Male) |
| 5:16 | Create | Villager (Male) |
| 5:17 | Create | Villager (Male) |
| 5:17 | Create | Villager (Male) |
| 6:01 | Build | Mill |
| 7:29 | Build | Farm |
| 7:35 | Build | House |
| 7:36 | Build | Mining Camp |
| 7:48 | Create | Villager (Male) |
| 7:49 | Create | Villager (Male) |
| 7:55 | Build | Farm |
| 8:30 | Build | Farm |
| 8:37 | Research | Feudal Age |
| 8:38 | Research | Feudal Age |
| 8:49 | Create | Villager (Male) |
| 8:49 | Create | Villager (Male) |
| 10:57 | Age | Feudal Age |
| 11:01 | Build | Market |
| 11:04 | Build | Blacksmith |
| 11:15 | Build | Lumber Camp |
| 11:32 | Build | House |
| 11:53 | Research | Castle Age |
| 11:53 | Research | Castle Age |
| 12:12 | Research | Double-Bit Axe |
| 12:17 | Build | Palisade Wall |
| 12:42 | Build | House |
| 12:45 | Build | Palisade Wall |
| 12:51 | Research | Horse Collar |
| 12:53 | Create | Villager (Male) |
| 12:53 | Create | Villager (Male) |
| 12:53 | Create | Villager (Male) |
| 14:33 | Age | Castle Age |
| 14:38 | Build | Town Center |
| 14:42 | Build | Town Center |
| 15:02 | Build | Farm |
| 15:04 | Create | Villager (Male) |
| 15:26 | Build | Farm |
| 15:28 | Create | Villager (Male) |
| 15:28 | Create | Villager (Male) |
| 15:38 | Build | House |
| 15:51 | Build | Farm |
| 15:53 | Create | Villager (Male) |
| 15:53 | Create | Villager (Male) |
| 16:04 | Create | Villager (Male) |
| 16:04 | Create | Villager (Male) |
| 16:07 | Create | Villager (Male) |
| 16:15 | Create | Villager (Male) |
| 16:15 | Create | Villager (Male) ×3 |
| 16:16 | Create | Villager (Male) ×2 |
| 16:19 | Build | House |
| 16:37 | Create | Villager (Male) |
| 16:38 | Create | Villager (Male) |
| 16:39 | Build | Farm |
| 16:53 | Build | Monastery |
| 17:00 | Build | House |
| 17:02 | Build | House |
| 17:04 | Create | Villager (Male) |
| 17:04 | Create | Villager (Male) |
| 17:07 | Build | Farm |
| 17:10 | Create | Villager (Male) |
| 17:10 | Create | Villager (Male) |
| 17:14 | Build | Farm |
| 17:15 | Build | Farm |
| 17:20 | Create | Villager (Male) |
| 17:20 | Create | Villager (Male) |
| 17:22 | Build | Farm |
| 17:23 | Build | Farm |
| 17:30 | Build | Farm |
| 17:33 | Build | Farm |
| 17:34 | Build | Farm |
| 17:35 | Build | Farm |
| 17:35 | Build | Farm |
| 17:39 | Build | Farm |
| 17:42 | Create | Villager (Male) |
| 17:42 | Create | Villager (Male) |
| 17:58 | Create | Villager (Male) |
| 17:59 | Create | Villager (Male) |
| 18:14 | Build | Farm |
| 18:22 | Build | Town Center |
| 18:31 | Build | Stone Wall |
| 18:34 | Create | Villager (Male) ×2 |
| 18:34 | Create | Villager (Male) ×3 |
| 18:35 | Create | Villager (Male) |
| 18:40 | Build | House |
| 18:41 | Create | Villager (Male) |
| 18:41 | Create | Villager (Male) |
| 18:41 | Create | Villager (Male) |
| 18:47 | Create | Villager (Male) |
| 18:47 | Create | Villager (Male) |
| 18:47 | Create | Villager (Male) |
| 18:49 | Build | Farm |
| 18:59 | Build | Farm |
| 19:07 | Build | Farm |
| 19:09 | Build | Farm |
| 19:09 | Create | Villager (Male) |
| 19:10 | Create | Villager (Male) ×2 |
| 19:10 | Create | Villager (Male) ×2 |
| 19:10 | Create | Villager (Male) |
| 19:13 | Build | Farm |
| 19:26 | Build | House |
| 19:26 | Create | Villager (Male) |
| 19:27 | Create | Villager (Male) ×2 |
| 19:27 | Create | Villager (Male) |
| 19:31 | Build | Farm |
| 19:39 | Build | Farm |
| 19:47 | Create | Villager (Male) |
| 19:47 | Create | Villager (Male) |
| 19:54 | Create | Villager (Male) |
| 19:55 | Create | Villager (Male) ×2 |
| 19:55 | Create | Villager (Male) |
| 19:56 | Build | Farm |
| 20:01 | Build | Farm |
| 20:06 | Build | House |
| 20:07 | Create | Villager (Male) |
| 20:07 | Create | Villager (Male) ×2 |
| 20:08 | Create | Villager (Male) |
| 20:11 | Create | Villager (Male) |
| 20:11 | Create | Villager (Male) |
| 20:22 | Build | Farm |
| 20:25 | Create | Villager (Male) |
| 20:25 | Create | Villager (Male) |
| 20:30 | Build | Farm |
| 20:32 | Build | Farm |
| 20:33 | Build | Farm |
| 20:35 | Create | Villager (Male) |
| 20:35 | Create | Villager (Male) ×2 |
| 20:35 | Create | Villager (Male) |
Build order — taerue
First 150 of 251 actions detected
| 0:02 | Create | Villager (Male) |
| 0:02 | Create | Villager (Male) |
| 0:02 | Create | Villager (Male) |
| 0:02 | Create | Villager (Male) |
| 0:03 | Create | Villager (Male) |
| 0:03 | Create | Villager (Male) |
| 0:05 | Build | House |
| 0:06 | Build | House |
| 1:36 | Create | Villager (Male) |
| 1:36 | Create | Villager (Male) |
| 2:00 | Build | Lumber Camp |
| 2:17 | Create | Villager (Male) |
| 2:17 | Create | Villager (Male) |
| 2:18 | Create | Villager (Male) |
| 2:18 | Create | Villager (Male) |
| 3:07 | Create | Villager (Male) |
| 3:13 | Build | House |
| 3:29 | Create | Villager (Male) |
| 4:10 | Build | Mill |
| 4:11 | Create | Villager (Male) |
| 4:11 | Create | Villager (Male) |
| 4:46 | Create | Villager (Male) |
| 4:47 | Create | Villager (Male) |
| 4:47 | Create | Villager (Male) |
| 5:08 | Research | Loom |
| 5:10 | Create | Villager (Male) |
| 5:21 | Build | House |
| 6:01 | Build | Palisade Wall |
| 6:22 | Create | Villager (Male) |
| 6:22 | Create | Villager (Male) |
| 6:25 | Create | Villager (Male) |
| 6:26 | Create | Villager (Male) |
| 7:27 | Build | Palisade Wall |
| 8:06 | Create | Villager (Male) |
| 8:07 | Create | Villager (Male) |
| 8:56 | Create | Villager (Male) |
| 9:22 | Research | Feudal Age |
| 9:22 | Research | Feudal Age |
| 9:32 | Build | House |
| 9:36 | Build | House |
| 10:34 | Build | Palisade Wall |
| 11:11 | Create | Villager (Male) |
| 11:11 | Create | Villager (Male) |
| 11:16 | Build | Farm |
| 11:32 | Age | Feudal Age |
| 11:53 | Research | Double-Bit Axe |
| 11:58 | Build | Farm |
| 12:00 | Build | Farm |
| 12:02 | Build | Farm |
| 12:06 | Create | Villager (Male) |
| 12:10 | Build | Mining Camp |
| 12:21 | Build | Barracks |
| 12:37 | Create | Villager (Male) |
| 12:53 | Create | Villager (Male) |
| 13:07 | Build | Farm |
| 13:25 | Build | Archery Range |
| 13:29 | Create | Villager (Male) |
| 13:51 | Create | Villager (Male) |
| 13:57 | Build | Farm |
| 14:00 | Build | Farm |
| 14:02 | Create | Villager (Male) |
| 14:09 | Build | Lumber Camp |
| 14:13 | Build | Farm |
| 14:15 | Create | Villager (Male) |
| 14:20 | Build | Farm |
| 14:30 | Build | House |
| 14:34 | Create | Villager (Male) |
| 15:01 | Create | Villager (Male) |
| 15:05 | Build | Farm |
| 15:07 | Build | Farm |
| 15:11 | Build | House |
| 15:18 | Build | Farm |
| 15:21 | Build | Farm |
| 15:29 | Build | Farm |
| 15:42 | Create | Villager (Male) |
| 15:45 | Build | House |
| 16:16 | Build | Farm |
| 16:18 | Build | Farm |
| 16:30 | Build | Archery Range |
| 16:32 | Create | Villager (Male) |
| 16:33 | Create | Villager (Male) |
| 16:58 | Build | Blacksmith |
| 17:37 | Build | Stone Wall |
| 17:46 | Research | Castle Age |
| 17:47 | Research | Castle Age |
| 17:51 | Build | House |
| 17:52 | Build | House |
| 17:58 | Research | Horse Collar |
| 17:58 | Research | Horse Collar |
| 18:39 | Research | Fletching |
| 18:59 | Build | Mining Camp |
| 19:17 | Build | House |
| 19:59 | Create | Villager (Male) |
| 19:59 | Create | Villager (Male) |
| 20:26 | Age | Castle Age |
| 20:33 | Build | Town Center |
| 20:42 | Research | Bow Saw |
| 21:01 | Build | Town Center |
| 21:05 | Create | Villager (Male) |
| 21:06 | Create | Villager (Male) |
| 21:06 | Create | Villager (Male) |
| 21:24 | Build | Stone Wall |
| 21:35 | Research | Wheelbarrow |
| 21:41 | Research | Heavy Plow |
| 21:42 | Research | Bodkin Arrow |
| 21:43 | Create | Villager (Male) |
| 21:44 | Create | Villager (Male) |
| 22:11 | Create | Villager (Male) |
| 22:12 | Create | Villager (Male) |
| 22:14 | Create | Villager (Male) |
| 22:52 | Create | Villager (Male) |
| 22:53 | Create | Villager (Male) |
| 22:53 | Create | Villager (Male) |
| 22:54 | Create | Villager (Male) |
| 22:57 | Build | House |
| 23:12 | Research | Gold Mining |
| 23:24 | Create | Villager (Male) |
| 23:28 | Build | House |
| 23:35 | Build | Farm |
| 23:37 | Build | Farm |
| 23:39 | Build | Farm |
| 23:43 | Build | Farm |
| 23:46 | Build | Farm |
| 23:57 | Build | House |
| 24:01 | Build | Town Center |
| 24:06 | Create | Villager (Male) |
| 24:06 | Create | Villager (Male) |
| 24:07 | Create | Villager (Male) |
| 24:07 | Create | Villager (Male) |
| 24:19 | Build | Farm |
| 24:22 | Build | Farm |
| 24:25 | Build | Farm |
| 24:27 | Build | Farm |
| 24:31 | Build | Farm |
| 24:34 | Create | Villager (Male) |
| 24:35 | Create | Villager (Male) |
| 24:36 | Create | Villager (Male) |
| 24:37 | Create | Villager (Male) |
| 24:38 | Create | Villager (Male) |
| 24:39 | Build | Farm |
| 25:07 | Create | Villager (Male) |
| 25:08 | Create | Villager (Male) |
| 25:09 | Create | Villager (Male) |
| 25:10 | Create | Villager (Male) |
| 25:25 | Build | Siege Workshop |
| 25:44 | Research | Hand Cart |
| 25:44 | Create | Villager (Male) |
| 25:44 | Create | Villager (Male) |
| 25:55 | Create | Villager (Male) |
| 25:57 | Create | Villager (Male) |
Build order — 微变等效电路法
First 150 of 270 actions detected
| 0:02 | Create | Villager (Male) |
| 0:03 | Create | Villager (Male) |
| 0:04 | Build | House |
| 0:06 | Build | House |
| 0:47 | Create | Villager (Male) |
| 0:47 | Create | Villager (Male) |
| 0:47 | Create | Villager (Male) |
| 1:41 | Create | Villager (Male) |
| 2:09 | Build | Lumber Camp |
| 2:09 | Create | Villager (Male) |
| 2:39 | Create | Villager (Male) |
| 2:39 | Create | Villager (Male) |
| 3:06 | Create | Villager (Male) |
| 3:27 | Create | Villager (Male) |
| 3:32 | Build | House |
| 3:49 | Create | Villager (Male) |
| 4:22 | Create | Villager (Male) |
| 4:54 | Create | Villager (Male) |
| 5:11 | Create | Villager (Male) |
| 5:29 | Build | Mill |
| 5:52 | Create | Villager (Male) |
| 6:05 | Create | Villager (Male) |
| 6:20 | Research | Loom |
| 6:35 | Build | House |
| 7:02 | Research | Feudal Age |
| 7:32 | Build | Palisade Wall |
| 8:08 | Build | Palisade Wall |
| 9:00 | Build | Barracks |
| 9:15 | Create | Villager (Male) |
| 9:15 | Create | Villager (Male) |
| 9:17 | Age | Feudal Age |
| 9:24 | Research | Double-Bit Axe |
| 10:22 | Create | Villager (Male) |
| 10:28 | Create | Villager (Male) |
| 10:44 | Build | Stable |
| 10:49 | Build | Farm |
| 10:50 | Build | Farm |
| 11:16 | Create | Villager (Male) |
| 11:19 | Build | Farm |
| 11:24 | Build | House |
| 11:26 | Build | Farm |
| 11:37 | Create | Villager (Male) |
| 11:49 | Create | Scout Cavalry |
| 11:59 | Build | Farm |
| 12:03 | Build | Farm |
| 12:07 | Create | Villager (Male) |
| 12:34 | Create | Villager (Male) |
| 12:40 | Build | Farm |
| 12:43 | Build | Farm |
| 12:56 | Build | Farm |
| 13:01 | Create | Villager (Male) |
| 13:15 | Build | Farm |
| 13:24 | Create | Villager (Male) |
| 13:35 | Build | Farm |
| 13:59 | Create | Villager (Male) |
| 14:04 | Build | Mining Camp |
| 14:10 | Build | House |
| 14:19 | Research | Wheelbarrow |
| 14:36 | Build | Farm |
| 14:55 | Build | Farm |
| 15:19 | Research | Horse Collar |
| 15:58 | Create | Villager (Male) |
| 16:08 | Build | Blacksmith |
| 16:47 | Research | Castle Age |
| 18:59 | Build | Town Center |
| 19:20 | Create | Villager (Male) |
| 19:25 | Research | Bloodlines |
| 19:27 | Age | Castle Age |
| 19:30 | Build | Town Center |
| 19:39 | Build | Town Center |
| 19:43 | Create | Villager (Male) |
| 19:44 | Create | Villager (Male) |
| 19:48 | Create | Knight |
| 20:20 | Create | Villager (Male) |
| 20:20 | Create | Villager (Male) |
| 20:28 | Create | Villager (Male) |
| 20:29 | Create | Villager (Male) |
| 20:46 | Create | Villager (Male) |
| 20:46 | Create | Villager (Male) |
| 21:03 | Create | Villager (Male) |
| 21:08 | Build | Monastery |
| 21:09 | Create | Villager (Male) |
| 21:12 | Create | Knight |
| 21:17 | Build | Farm |
| 21:23 | Create | Villager (Male) |
| 21:23 | Create | Villager (Male) |
| 21:25 | Build | Farm |
| 21:28 | Research | Heavy Plow |
| 21:42 | Build | House |
| 21:53 | Build | Farm |
| 21:53 | Build | Farm |
| 22:09 | Create | Monk |
| 22:19 | Create | Villager (Male) |
| 22:20 | Create | Villager (Male) |
| 22:24 | Build | Farm |
| 22:24 | Build | Farm |
| 22:34 | Build | Farm |
| 22:35 | Build | Farm |
| 22:35 | Build | Farm |
| 22:35 | Build | Farm |
| 22:35 | Build | Farm |
| 22:42 | Create | Villager (Male) |
| 22:42 | Create | Villager (Male) |
| 23:02 | Build | Farm |
| 23:03 | Build | Farm |
| 23:05 | Create | Villager (Male) |
| 23:05 | Create | Villager (Male) |
| 23:11 | Build | House |
| 23:12 | Build | House |
| 23:20 | Research | Hand Cart |
| 23:23 | Research | Town Watch |
| 23:28 | Build | Farm |
| 23:42 | Create | Villager (Male) |
| 23:43 | Create | Villager (Male) |
| 23:48 | Create | Villager (Male) |
| 23:48 | Create | Villager (Male) |
| 23:57 | Create | Villager (Male) |
| 24:08 | Create | Villager (Male) |
| 24:09 | Create | Villager (Male) |
| 24:18 | Build | Lumber Camp |
| 24:45 | Create | Steppe Lancer |
| 24:45 | Create | Steppe Lancer |
| 24:46 | Create | Steppe Lancer |
| 24:49 | Build | Farm |
| 24:54 | Create | Villager (Male) |
| 24:54 | Create | Villager (Male) |
| 24:56 | Build | Farm |
| 25:01 | Build | Farm |
| 25:03 | Create | Villager (Male) |
| 25:04 | Create | Villager (Male) |
| 25:24 | Build | House |
| 25:29 | Research | Scale Barding Armor |
| 25:35 | Build | Farm |
| 25:38 | Create | Villager (Male) |
| 25:39 | Create | Villager (Male) |
| 25:43 | Research | Gold Mining |
| 25:53 | Build | House |
| 25:55 | Build | House |
| 25:58 | Create | Steppe Lancer |
| 25:58 | Create | Steppe Lancer |
| 26:17 | Create | Villager (Male) |
| 26:18 | Create | Villager (Male) |
| 26:28 | Build | Mill |
| 26:29 | Create | Villager (Male) |
| 26:29 | Create | Villager (Male) |
| 26:37 | Build | House |
| 26:40 | Create | Steppe Lancer |
| 26:59 | Create | Villager (Male) |
| 27:01 | Build | Farm |
| 27:04 | Create | Villager (Male) |
Build order — 玉祥(群主菜鸡)
First 150 of 345 actions detected
| 0:01 | Create | Villager (Male) |
| 0:01 | Create | Villager (Male) |
| 0:03 | Build | House |
| 0:05 | Build | House |
| 0:28 | Create | Villager (Male) |
| 0:28 | Create | Villager (Male) |
| 1:26 | Create | Villager (Male) |
| 1:44 | Build | Lumber Camp |
| 2:06 | Create | Villager (Male) |
| 2:06 | Create | Villager (Male) |
| 2:26 | Create | Villager (Male) |
| 2:26 | Create | Villager (Male) |
| 2:47 | Create | Villager (Male) |
| 2:48 | Create | Villager (Male) |
| 3:17 | Create | Villager (Male) |
| 3:17 | Create | Villager (Male) |
| 3:52 | Create | Villager (Male) |
| 3:55 | Build | House |
| 3:56 | Build | House |
| 4:43 | Create | Villager (Male) |
| 4:44 | Create | Villager (Male) |
| 4:45 | Create | Villager (Male) |
| 5:04 | Build | House |
| 5:14 | Build | Mill |
| 5:40 | Create | Villager (Male) |
| 5:40 | Create | Villager (Male) |
| 5:41 | Create | Villager (Male) |
| 5:41 | Create | Villager (Male) |
| 6:12 | Create | Villager (Male) |
| 6:12 | Create | Villager (Male) |
| 6:27 | Create | Villager (Male) |
| 6:27 | Create | Villager (Male) |
| 6:56 | Create | Villager (Male) |
| 6:56 | Create | Villager (Male) |
| 7:03 | Create | Villager (Male) |
| 7:03 | Create | Villager (Male) |
| 7:05 | Create | Villager (Male) |
| 7:05 | Create | Villager (Male) |
| 7:24 | Create | Villager (Male) |
| 7:24 | Create | Villager (Male) |
| 8:42 | Build | Mining Camp |
| 8:53 | Research | Feudal Age |
| 8:54 | Research | Feudal Age |
| 10:21 | Create | Villager (Male) |
| 10:22 | Create | Villager (Male) |
| 10:27 | Build | Farm |
| 10:27 | Build | Farm |
| 10:27 | Build | Farm |
| 11:03 | Age | Feudal Age |
| 11:16 | Build | Market |
| 11:17 | Build | Blacksmith |
| 12:05 | Research | Double-Bit Axe |
| 12:12 | Research | Castle Age |
| 12:12 | Research | Castle Age |
| 12:14 | Build | Farm |
| 12:16 | Build | Farm |
| 12:19 | Build | Farm |
| 14:52 | Age | Castle Age |
| 14:54 | Build | Town Center |
| 14:57 | Build | Town Center |
| 15:00 | Create | Villager (Male) |
| 15:00 | Create | Villager (Male) |
| 15:03 | Create | Villager (Male) |
| 15:12 | Build | Monastery |
| 15:21 | Build | Farm |
| 16:18 | Create | Villager (Male) |
| 16:19 | Create | Villager (Male) |
| 16:19 | Create | Villager (Male) |
| 16:29 | Build | Farm |
| 16:34 | Build | Farm |
| 16:37 | Build | House |
| 16:38 | Build | House |
| 16:40 | Build | House |
| 16:41 | Create | Villager (Male) |
| 16:41 | Create | Villager (Male) |
| 16:42 | Create | Villager (Male) |
| 16:48 | Create | Monk |
| 17:04 | Build | House |
| 17:09 | Create | Villager (Male) |
| 17:15 | Create | Villager (Male) |
| 17:17 | Build | Farm |
| 17:23 | Build | Farm |
| 17:24 | Create | Villager (Male) |
| 17:38 | Research | Loom |
| 17:39 | Create | Villager (Male) |
| 17:40 | Create | Villager (Male) |
| 17:42 | Build | House |
| 17:44 | Create | Villager (Male) |
| 17:46 | Build | Farm |
| 17:46 | Create | Villager (Male) |
| 17:51 | Create | Villager (Male) |
| 17:53 | Create | Villager (Male) |
| 17:57 | Build | Farm |
| 17:59 | Build | Farm |
| 18:01 | Build | Farm |
| 18:05 | Build | Farm |
| 18:18 | Create | Monk |
| 18:22 | Create | Villager (Male) |
| 18:22 | Create | Villager (Male) |
| 18:25 | Build | Farm |
| 18:26 | Create | Villager (Male) |
| 18:30 | Build | House |
| 18:31 | Create | Villager (Male) |
| 18:40 | Create | Villager (Male) |
| 18:44 | Research | Wheelbarrow |
| 18:44 | Research | Wheelbarrow |
| 18:45 | Create | Villager (Male) |
| 18:49 | Create | Villager (Male) |
| 18:58 | Build | Farm |
| 18:59 | Create | Villager (Male) |
| 19:03 | Create | Villager (Male) |
| 19:09 | Create | Villager (Male) |
| 19:16 | Build | House |
| 19:22 | Create | Villager (Male) |
| 19:33 | Create | Villager (Male) |
| 19:38 | Build | Town Center |
| 19:44 | Create | Villager (Male) |
| 19:45 | Create | Villager (Male) |
| 19:49 | Create | Villager (Male) |
| 19:52 | Build | Farm |
| 19:54 | Create | Villager (Male) |
| 20:24 | Create | Monk |
| 20:29 | Build | House |
| 20:30 | Create | Villager (Male) |
| 20:31 | Create | Villager (Male) |
| 20:31 | Create | Villager (Male) |
| 20:31 | Create | Villager (Male) |
| 20:36 | Create | Villager (Male) |
| 20:38 | Build | Farm |
| 20:41 | Build | Farm |
| 20:46 | Build | Farm |
| 20:51 | Create | Villager (Male) |
| 20:51 | Create | Villager (Male) |
| 20:52 | Create | Villager (Male) |
| 20:52 | Create | Villager (Male) |
| 20:58 | Create | Villager (Male) |
| 20:58 | Create | Villager (Male) |
| 21:01 | Build | Farm |
| 21:07 | Build | Mill |
| 21:10 | Create | Villager (Male) |
| 21:10 | Create | Villager (Male) |
| 21:10 | Create | Villager (Male) |
| 21:21 | Build | Farm |
| 21:23 | Create | Villager (Male) |
| 21:23 | Create | Villager (Male) |
| 21:27 | Create | Villager (Male) |
| 21:34 | Build | House |
| 21:35 | Build | House |
| 21:36 | Build | House |
| 21:38 | Create | Villager (Male) |
Build order — 丙酮酸嗦话梅
First 150 of 277 actions detected
| 0:01 | Create | Villager (Male) |
| 0:01 | Create | Villager (Male) |
| 0:03 | Build | House |
| 0:04 | Build | House |
| 0:06 | Research | Loom |
| 0:22 | Create | Villager (Male) |
| 0:22 | Create | Villager (Male) |
| 0:22 | Create | Villager (Male) |
| 1:45 | Create | Villager (Male) |
| 2:03 | Create | Villager (Male) |
| 2:33 | Create | Villager (Male) |
| 2:51 | Build | Lumber Camp |
| 3:04 | Build | House |
| 3:07 | Create | Villager (Male) |
| 3:08 | Create | Villager (Male) |
| 3:59 | Build | House |
| 4:09 | Create | Villager (Male) |
| 4:09 | Create | Villager (Male) |
| 4:26 | Create | Villager (Male) |
| 5:27 | Create | Villager (Male) |
| 5:27 | Create | Villager (Male) |
| 5:28 | Create | Villager (Male) |
| 6:44 | Create | Villager (Male) |
| 6:56 | Build | Mining Camp |
| 7:15 | Create | Villager (Male) |
| 7:15 | Create | Villager (Male) |
| 7:45 | Research | Feudal Age |
| 7:45 | Research | Feudal Age |
| 8:18 | Build | House |
| 8:21 | Build | Palisade Wall |
| 9:18 | Build | Barracks |
| 9:28 | Create | Villager (Male) |
| 9:41 | Build | Mill |
| 10:15 | Age | Feudal Age |
| 10:17 | Create | Villager (Male) |
| 10:21 | Build | Archery Range |
| 10:41 | Research | Double-Bit Axe |
| 10:41 | Research | Double-Bit Axe |
| 10:47 | Build | Farm |
| 10:52 | Create | Villager (Male) |
| 10:55 | Build | Farm |
| 11:06 | Build | Palisade Wall |
| 11:08 | Create | Villager (Male) |
| 11:14 | Create | Archer |
| 11:19 | Create | Villager (Male) |
| 11:26 | Build | Farm |
| 11:27 | Build | Farm |
| 11:29 | Create | Archer |
| 11:40 | Create | Archer |
| 11:51 | Build | Farm |
| 12:02 | Build | House |
| 12:05 | Create | Archer |
| 12:07 | Create | Villager (Male) |
| 12:14 | Build | Farm |
| 12:34 | Build | House |
| 12:36 | Build | Palisade Wall |
| 12:38 | Create | Villager (Male) |
| 12:39 | Create | Archer |
| 13:06 | Create | Villager (Male) |
| 13:10 | Build | Farm |
| 13:11 | Create | Archer |
| 13:18 | Build | Farm |
| 13:30 | Create | Villager (Male) |
| 13:33 | Create | Archer |
| 13:34 | Create | Villager (Male) |
| 13:40 | Build | Farm |
| 13:49 | Build | Mill |
| 14:06 | Build | House |
| 14:12 | Create | Villager (Male) |
| 14:15 | Build | Farm |
| 14:32 | Build | Blacksmith |
| 14:35 | Create | Villager (Male) |
| 15:00 | Build | House |
| 15:01 | Build | House |
| 15:07 | Create | Villager (Male) |
| 15:31 | Build | Lumber Camp |
| 15:33 | Create | Archer |
| 15:43 | Create | Villager (Male) |
| 16:01 | Create | Archer |
| 16:02 | Create | Villager (Male) |
| 16:36 | Research | Castle Age |
| 16:36 | Research | Castle Age |
| 16:37 | Create | Archer |
| 16:43 | Build | Archery Range |
| 17:14 | Research | Fletching |
| 17:24 | Create | Archer |
| 17:29 | Research | Horse Collar |
| 17:51 | Create | Archer |
| 18:02 | Research | Padded Archer Armor |
| 18:03 | Create | Villager (Male) |
| 18:05 | Create | Archer |
| 18:09 | Build | Farm |
| 18:13 | Build | Farm |
| 18:34 | Build | Lumber Camp |
| 18:50 | Research | Gold Mining |
| 19:11 | Build | Archery Range |
| 19:14 | Create | Villager (Male) |
| 19:16 | Age | Castle Age |
| 19:18 | Research | Bodkin Arrow |
| 19:25 | Create | Villager (Male) |
| 19:29 | Research | Bow Saw |
| 19:41 | Build | Stone Wall |
| 19:43 | Build | Stone Wall |
| 19:46 | Build | Stone Wall |
| 19:53 | Create | Villager (Male) |
| 19:56 | Create | Archer |
| 19:56 | Create | Archer |
| 20:10 | Create | Archer |
| 20:12 | Build | House |
| 20:13 | Build | House |
| 20:16 | Research | Wheelbarrow |
| 20:28 | Research | Crossbowman (upgrade) |
| 20:42 | Create | Villager (Male) |
| 20:46 | Build | University |
| 20:51 | Create | Archer |
| 20:51 | Create | Archer |
| 20:51 | Create | Archer |
| 21:02 | Create | Villager (Male) |
| 21:02 | Create | Villager (Male) |
| 21:07 | Create | Villager (Male) |
| 21:15 | Create | Archer |
| 21:15 | Create | Archer |
| 21:18 | Create | Villager (Male) |
| 21:40 | Create | Villager (Male) |
| 22:03 | Research | Leather Archer Armor |
| 22:05 | Create | Villager (Male) |
| 22:06 | Create | Villager (Male) |
| 22:28 | Create | Villager (Male) |
| 22:28 | Create | Villager (Male) |
| 22:36 | Create | Archer |
| 22:36 | Create | Archer |
| 22:40 | Build | House |
| 22:50 | Build | Town Center |
| 23:02 | Build | House |
| 23:04 | Build | House |
| 23:40 | Build | Siege Workshop |
| 23:43 | Create | Archer |
| 23:43 | Create | Archer |
| 23:56 | Build | House |
| 23:59 | Create | Villager (Male) |
| 24:00 | Create | Villager (Male) |
| 24:02 | Create | Archer |
| 24:02 | Create | Archer |
| 24:14 | Create | Archer |
| 24:14 | Create | Archer |
| 24:19 | Create | Villager (Male) |
| 24:21 | Build | House |
| 24:40 | Research | Ballistics |
| 24:56 | Create | Battering Ram |
| 25:16 | Create | Villager (Male) |
Build order — ไม่ชนะ
First 150 of 381 actions detected
| 0:01 | Create | Villager (Male) |
| 0:01 | Create | Villager (Male) |
| 0:02 | Build | House |
| 0:03 | Build | House |
| 0:05 | Create | Villager (Male) |
| 0:05 | Create | Villager (Male) |
| 1:31 | Create | Villager (Male) |
| 1:44 | Build | Lumber Camp |
| 1:50 | Create | Villager (Male) |
| 1:50 | Create | Villager (Male) |
| 2:13 | Create | Villager (Male) |
| 2:13 | Create | Villager (Male) |
| 2:54 | Create | Villager (Male) |
| 2:55 | Create | Villager (Male) |
| 3:27 | Build | House |
| 3:28 | Build | House |
| 3:47 | Create | Villager (Male) |
| 3:47 | Create | Villager (Male) |
| 3:48 | Create | Villager (Male) |
| 3:55 | Create | Villager (Male) |
| 3:55 | Create | Villager (Male) |
| 4:28 | Create | Villager (Male) |
| 4:29 | Create | Villager (Male) |
| 4:29 | Create | Villager (Male) |
| 4:37 | Build | Mill |
| 5:32 | Create | Villager (Male) |
| 5:58 | Create | Villager (Male) |
| 6:53 | Create | Villager (Male) |
| 6:53 | Create | Villager (Male) |
| 6:57 | Research | Loom |
| 6:57 | Research | Loom |
| 6:58 | Research | Feudal Age |
| 6:58 | Research | Feudal Age |
| 7:45 | Build | House |
| 8:56 | Create | Villager (Male) |
| 9:08 | Age | Feudal Age |
| 9:13 | Build | Town Center |
| 9:18 | Research | Double-Bit Axe |
| 9:19 | Create | Villager (Male) |
| 9:35 | Build | House |
| 9:45 | Create | Villager (Male) |
| 9:52 | Build | Farm |
| 9:59 | Build | Farm |
| 10:09 | Create | Villager (Male) |
| 10:26 | Create | Villager (Male) |
| 10:35 | Build | House |
| 10:44 | Create | Villager (Male) |
| 10:44 | Create | Villager (Male) |
| 10:45 | Create | Villager (Male) |
| 11:06 | Build | House |
| 11:08 | Create | Villager (Male) |
| 11:27 | Create | Villager (Male) |
| 11:27 | Create | Villager (Male) |
| 11:42 | Build | Barracks |
| 11:48 | Create | Villager (Male) |
| 11:59 | Create | Villager (Male) |
| 11:59 | Create | Villager (Male) |
| 12:33 | Create | Villager (Male) |
| 12:34 | Create | Villager (Male) |
| 12:40 | Build | Stable |
| 12:43 | Build | Farm |
| 12:47 | Build | Farm |
| 12:48 | Build | Farm |
| 12:53 | Build | Farm |
| 12:55 | Build | Farm |
| 12:56 | Build | Farm |
| 13:04 | Create | Villager (Male) |
| 13:06 | Build | House |
| 13:16 | Build | Farm |
| 13:17 | Create | Villager (Male) |
| 13:17 | Create | Villager (Male) |
| 13:19 | Build | Farm |
| 13:26 | Create | Scout Cavalry |
| 13:26 | Create | Scout Cavalry |
| 13:26 | Create | Scout Cavalry |
| 13:32 | Create | Villager (Male) |
| 13:41 | Create | Villager (Male) |
| 13:46 | Build | Blacksmith |
| 13:47 | Create | Villager (Male) |
| 14:02 | Create | Villager (Male) |
| 14:06 | Build | House |
| 14:18 | Build | Mining Camp |
| 14:20 | Create | Villager (Male) |
| 14:38 | Create | Villager (Male) |
| 14:38 | Create | Villager (Male) |
| 14:56 | Create | Villager (Male) |
| 15:00 | Build | Siege Workshop |
| 15:01 | Create | Villager (Male) |
| 15:15 | Build | Farm |
| 15:17 | Build | Farm |
| 15:18 | Create | Spearman |
| 15:18 | Create | Spearman |
| 15:27 | Build | House |
| 15:29 | Create | Villager (Male) |
| 15:30 | Create | Villager (Male) |
| 15:42 | Research | Loom |
| 15:42 | Research | Loom |
| 15:44 | Research | Wheelbarrow |
| 15:44 | Research | Wheelbarrow |
| 15:45 | Create | Villager (Male) |
| 16:00 | Build | Farm |
| 16:02 | Build | Lumber Camp |
| 16:03 | Create | Villager (Male) |
| 16:17 | Create | Villager (Male) |
| 16:23 | Create | Spearman |
| 16:29 | Build | House |
| 16:32 | Build | Palisade Wall |
| 16:46 | Create | Battering Ram |
| 16:47 | Create | Battering Ram |
| 16:49 | Build | Outpost |
| 16:50 | Create | Villager (Male) |
| 17:08 | Create | Spearman |
| 17:13 | Create | Villager (Male) |
| 17:13 | Create | Villager (Male) |
| 17:17 | Create | Scout Cavalry |
| 17:17 | Create | Scout Cavalry |
| 17:26 | Build | Outpost |
| 17:27 | Research | Town Watch |
| 17:27 | Research | Town Watch |
| 17:28 | Create | Villager (Male) |
| 17:30 | Build | Farm |
| 17:41 | Create | Battering Ram |
| 17:46 | Create | Villager (Male) |
| 17:49 | Build | Farm |
| 17:58 | Build | Outpost |
| 17:58 | Create | Villager (Male) |
| 18:01 | Build | Farm |
| 18:03 | Build | Farm |
| 18:22 | Build | Outpost |
| 18:30 | Create | Scout Cavalry |
| 18:30 | Create | Scout Cavalry |
| 18:31 | Create | Villager (Male) |
| 18:35 | Build | Palisade Gate |
| 18:37 | Build | House |
| 18:39 | Build | House |
| 18:40 | Build | House |
| 18:41 | Build | House |
| 18:54 | Create | Scout Cavalry |
| 18:57 | Research | Scale Barding Armor |
| 18:58 | Create | Villager (Male) |
| 18:59 | Create | Villager (Male) |
| 18:59 | Create | Villager (Male) |
| 19:02 | Build | Farm |
| 19:03 | Build | Farm |
| 19:03 | Build | Farm |
| 19:03 | Build | Farm |
| 19:15 | Create | Scout Cavalry |
| 19:27 | Create | Villager (Male) |
| 19:28 | Create | Villager (Male) |
| 19:32 | Build | Farm |
Build order — saksham
First 150 of 299 actions detected
| 0:03 | Create | Villager (Male) |
| 0:03 | Create | Villager (Male) |
| 0:04 | Create | Villager (Male) |
| 0:04 | Create | Villager (Male) |
| 0:04 | Create | Villager (Male) |
| 0:05 | Build | House |
| 0:07 | Build | House |
| 1:27 | Create | Villager (Male) |
| 1:27 | Create | Villager (Male) |
| 2:02 | Create | Villager (Male) |
| 2:23 | Create | Villager (Male) |
| 2:23 | Create | Villager (Male) |
| 2:35 | Build | Mill |
| 2:49 | Create | Villager (Male) |
| 2:49 | Create | Villager (Male) |
| 2:49 | Create | Villager (Male) |
| 3:10 | Build | House |
| 3:30 | Create | Villager (Male) |
| 3:31 | Create | Villager (Male) |
| 3:31 | Create | Villager (Male) |
| 3:31 | Create | Villager (Male) |
| 3:57 | Create | Villager (Male) |
| 4:24 | Create | Villager (Male) |
| 4:42 | Create | Villager (Male) |
| 4:53 | Create | Villager (Male) |
| 5:03 | Build | Lumber Camp |
| 5:24 | Build | House |
| 6:25 | Research | Loom |
| 6:43 | Research | Feudal Age |
| 7:15 | Create | Villager (Male) |
| 7:26 | Build | Barracks |
| 9:18 | Age | Feudal Age |
| 9:24 | Create | Villager (Male) |
| 9:34 | Build | Stable |
| 9:35 | Research | Double-Bit Axe |
| 9:48 | Create | Villager (Male) |
| 9:51 | Build | House |
| 9:59 | Build | Farm |
| 10:05 | Build | Mining Camp |
| 10:11 | Create | Villager (Male) |
| 10:15 | Build | Farm |
| 10:29 | Create | Scout Cavalry |
| 10:29 | Create | Scout Cavalry |
| 10:38 | Create | Villager (Male) |
| 10:53 | Build | Lumber Camp |
| 11:02 | Create | Villager (Male) |
| 11:07 | Build | Farm |
| 11:08 | Build | Farm |
| 11:09 | Build | Farm |
| 11:13 | Build | Farm |
| 11:31 | Create | Villager (Male) |
| 11:32 | Create | Scout Cavalry |
| 11:55 | Create | Villager (Male) |
| 12:00 | Create | Scout Cavalry |
| 12:09 | Build | House |
| 12:41 | Create | Villager (Male) |
| 12:43 | Create | Scout Cavalry |
| 12:56 | Create | Villager (Male) |
| 12:58 | Build | Farm |
| 12:59 | Build | Farm |
| 13:36 | Create | Villager (Male) |
| 13:37 | Create | Scout Cavalry |
| 13:40 | Build | Farm |
| 13:41 | Build | Farm |
| 13:43 | Create | Villager (Male) |
| 13:55 | Create | Scout Cavalry |
| 14:40 | Create | Villager (Male) |
| 14:43 | Build | House |
| 14:44 | Build | Farm |
| 14:45 | Build | Farm |
| 14:45 | Build | Farm |
| 14:45 | Build | Farm |
| 14:46 | Build | Farm |
| 14:47 | Create | Villager (Male) |
| 15:05 | Build | House |
| 15:06 | Build | House |
| 15:10 | Build | Blacksmith |
| 15:40 | Create | Villager (Male) |
| 15:47 | Build | Market |
| 15:52 | Create | Scout Cavalry |
| 16:31 | Create | Villager (Male) |
| 16:32 | Create | Villager (Male) |
| 16:35 | Create | Scout Cavalry |
| 16:54 | Build | Farm |
| 16:55 | Build | Farm |
| 16:56 | Build | Farm |
| 16:56 | Build | Farm |
| 16:58 | Create | Villager (Male) |
| 17:16 | Build | House |
| 17:23 | Create | Scout Cavalry |
| 17:25 | Create | Villager (Male) |
| 17:36 | Build | Farm |
| 17:38 | Build | Farm |
| 17:39 | Build | Farm |
| 17:42 | Research | Horse Collar |
| 17:53 | Build | Mining Camp |
| 17:55 | Create | Villager (Male) |
| 18:01 | Build | House |
| 18:24 | Create | Villager (Male) |
| 18:27 | Build | Farm |
| 18:27 | Build | Farm |
| 18:33 | Build | Farm |
| 18:38 | Build | Stable |
| 18:41 | Build | House |
| 19:09 | Create | Villager (Male) |
| 19:10 | Build | Farm |
| 19:12 | Create | Villager (Male) |
| 19:13 | Build | Farm |
| 19:42 | Research | Castle Age |
| 20:26 | Research | Forging |
| 21:01 | Research | Scale Barding Armor |
| 21:02 | Create | Scout Cavalry |
| 21:04 | Create | Scout Cavalry |
| 21:06 | Create | Scout Cavalry |
| 21:07 | Create | Scout Cavalry |
| 21:10 | Build | Farm |
| 21:11 | Build | Farm |
| 21:12 | Build | Farm |
| 21:13 | Build | Farm |
| 21:14 | Build | Farm |
| 21:14 | Build | Farm |
| 21:36 | Create | Villager (Male) |
| 21:44 | Build | Stable |
| 21:51 | Build | Gate |
| 21:59 | Build | House |
| 22:02 | Build | House |
| 22:12 | Create | Scout Cavalry |
| 22:13 | Research | Bloodlines |
| 22:39 | Age | Castle Age |
| 22:44 | Create | Villager (Male) |
| 23:01 | Research | Chain Barding Armor |
| 23:05 | Build | Farm |
| 23:07 | Create | Villager (Male) |
| 23:12 | Build | Town Center |
| 23:15 | Build | Farm |
| 23:23 | Research | Husbandry |
| 23:27 | Create | Scout Cavalry |
| 23:41 | Create | Villager (Male) |
| 24:03 | Create | Villager (Male) |
| 24:32 | Create | Villager (Male) |
| 24:32 | Create | Villager (Male) |
| 24:33 | Create | Villager (Male) |
| 24:33 | Create | Villager (Male) |
| 24:35 | Build | Farm |
| 24:36 | Create | Villager (Male) |
| 25:20 | Create | Villager (Male) |
| 25:22 | Create | Villager (Male) |
| 25:24 | Build | Farm |
| 25:26 | Build | Farm |
| 25:29 | Create | Villager (Male) |
Match timeline
| 6:01 | taerue · wall_segment Palisade Wall x9 |
| 7:26 | saksham · first_building Barracks |
| 7:27 | taerue · wall_segment Palisade Wall x18 |
| 7:32 | 微变等效电路法 · wall_segment Palisade Wall x10 |
| 8:08 | 微变等效电路法 · wall_segment Palisade Wall x6 |
| 8:21 | 丙酮酸嗦话梅 · wall_segment Palisade Wall x5 |
| 9:00 | 微变等效电路法 · first_building Barracks |
| 9:08 | ไม่ชนะ · age_up feudal |
| 9:17 | 微变等效电路法 · age_up feudal |
| 9:18 | saksham · age_up feudal |
| 9:18 | 丙酮酸嗦话梅 · first_building Barracks |
| 9:34 | saksham · first_building Stable |
| 10:15 | 丙酮酸嗦话梅 · age_up feudal |
| 10:21 | 丙酮酸嗦话梅 · first_building Archery Range |
| 10:34 | taerue · wall_segment Palisade Wall x13 |
| 10:44 | 微变等效电路法 · first_building Stable |
| 10:57 | 上帝之鞭 · age_up feudal |
| 11:03 | 打到台北去 活捉赖清德 · age_up feudal |
| 11:03 | 玉祥(群主菜鸡) · age_up feudal |
| 11:06 | 丙酮酸嗦话梅 · wall_segment Palisade Wall x8 |
| 11:32 | taerue · age_up feudal |
| 11:42 | ไม่ชนะ · first_building Barracks |
| 12:17 | 上帝之鞭 · wall_segment Palisade Wall x10 |
| 12:21 | taerue · first_building Barracks |
| 12:36 | 丙酮酸嗦话梅 · wall_segment Palisade Wall x3 |
| 12:40 | ไม่ชนะ · first_building Stable |
| 12:45 | 上帝之鞭 · wall_segment Palisade Wall x11 |
| 13:25 | taerue · first_building Archery Range |
| 14:32 | 打到台北去 活捉赖清德 · first_market_sell 100 food |
| 14:33 | 上帝之鞭 · age_up castle |
| 14:52 | 玉祥(群主菜鸡) · age_up castle |
| 15:00 | ไม่ชนะ · first_building Siege Workshop |
| 15:12 | 玉祥(群主菜鸡) · first_building Monastery |
| 16:32 | ไม่ชนะ · wall_segment Palisade Wall x8 |
| 16:53 | 上帝之鞭 · first_building Monastery |
| 17:37 | taerue · wall_segment Stone Wall x27 |
| 17:47 | 打到台北去 活捉赖清德 · age_up castle |
| 17:51 | 打到台北去 活捉赖清德 · first_building Krepost |
| 18:31 | 上帝之鞭 · wall_segment Stone Wall x1 |
| 19:16 | 丙酮酸嗦话梅 · age_up castle |
| 19:27 | 微变等效电路法 · age_up castle |
| 19:41 | 丙酮酸嗦话梅 · wall_segment Stone Wall x3 |
| 19:43 | 丙酮酸嗦话梅 · wall_segment Stone Wall x3 |
| 19:46 | 丙酮酸嗦话梅 · wall_segment Stone Wall x3 |
| 20:26 | taerue · age_up castle |
| 21:08 | 微变等效电路法 · first_building Monastery |
| 21:24 | taerue · wall_segment Stone Wall x6 |
| 21:37 | 上帝之鞭 · wall_segment Stone Wall x2 |
| 21:39 | 上帝之鞭 · wall_segment Stone Wall x2 |
| 22:39 | saksham · age_up castle |
| 23:40 | 丙酮酸嗦话梅 · first_building Siege Workshop |
| 24:58 | 上帝之鞭 · first_building Barracks |
| 25:25 | taerue · first_building Siege Workshop |
| 25:54 | ไม่ชนะ · first_market_sell 100 stone |
| 25:54 | ไม่ชนะ · first_market_buy 100 food |
| 26:05 | 上帝之鞭 · first_building Stable |
| 26:20 | 玉祥(群主菜鸡) · first_building Castle |
| 26:38 | 玉祥(群主菜鸡) · first_building Barracks |
| 26:41 | 上帝之鞭 · first_building Castle |
| 27:08 | 玉祥(群主菜鸡) · first_building Stable |
| 27:33 | ไม่ชนะ · first_building Archery Range |
| 27:54 | taerue · first_building Castle |
| 28:05 | 上帝之鞭 · wall_segment Stone Wall x1 |
| 28:20 | 上帝之鞭 · wall_segment Stone Wall x1 |
| 28:51 | ไม่ชนะ · age_up castle |
| 29:08 | ไม่ชนะ · first_building Castle |
| 29:53 | 上帝之鞭 · tribute_sent a jugador 2 |
| 29:53 | 上帝之鞭 · tribute_sent a jugador 3 |
| 29:53 | 上帝之鞭 · tribute_sent a jugador 4 |
| 29:53 | 上帝之鞭 · tribute_sent a jugador 5 |
| 29:53 | 上帝之鞭 · tribute_sent a jugador 6 |
| 29:53 | 上帝之鞭 · tribute_sent a jugador 7 |
| 29:53 | 上帝之鞭 · tribute_sent a jugador 8 |
| 30:05 | saksham · first_building Castle |
| 30:37 | 上帝之鞭 · age_up imperial |
| 31:21 | 上帝之鞭 · first_market_sell 500 wood |
| 31:32 | saksham · first_building Monastery |
| 31:48 | 微变等效电路法 · wall_segment Palisade Wall x1 |
| 31:51 | 上帝之鞭 · wall_segment Stone Wall x1 |
| 31:52 | 上帝之鞭 · wall_segment Stone Wall x1 |
| 31:54 | 微变等效电路法 · wall_segment Palisade Wall x1 |
| 32:23 | saksham · first_building Archery Range |
| 32:29 | 上帝之鞭 · wall_segment Stone Wall x1 |
| 32:33 | taerue · wall_segment Stone Wall x1 |
| 32:35 | 丙酮酸嗦话梅 · first_building Castle |
| 32:39 | 玉祥(群主菜鸡) · age_up imperial |
| 34:16 | 上帝之鞭 · first_market_buy 100 wood |
| 35:41 | saksham · first_market_sell 100 wood |
| 35:47 | saksham · first_market_buy 100 stone |
| 35:54 | 上帝之鞭 · first_building Siege Workshop |
| 36:02 | 丙酮酸嗦话梅 · first_market_sell 100 food |
| 36:20 | 丙酮酸嗦话梅 · wall_segment Stone Wall x5 |
| 36:21 | 上帝之鞭 · wall_segment Stone Wall x1 |
| 36:22 | 上帝之鞭 · wall_segment Stone Wall x6 |
| 36:44 | 丙酮酸嗦话梅 · resign |
| 36:59 | saksham · age_up imperial |
[ AI ANALYSIS · 1 CREDIT ]
What really happened in this match?
Wolo.gg analyzes every decision: build order, eco, micro, common mistakes by bracket. Personalized analysis on WhatsApp or Discord in 30 seconds.
Civ guide
Bulgarians
Perfil
Jugador #14976762